 Dungeon Crawl Stone Soup version 0.30.0-5-g1a98f26d00 (webtiles) character file.

Game seed: 2073522226420981883

121 hito the Cudgeller (level 5, -7/32 HPs)
             Began as a Gargoyle Gladiator on May 11, 2023.
             Killed from afar by Ijyb (20 damage)
             ... with a bolt of light
             ... on level 3 of the Dungeon.
             The game lasted 00:04:06 (1954 turns).

hito the Cudgeller (Gargoyle Gladiator)             Turns: 1954, Time: 00:04:07

Health: -7/32      AC:  9    Str: 20    XL:     5   Next: 5%
Magic:  5/5        EV: 12    Int:  8    God:
Gold:   99         SH:  0    Dex: 11    Spells: 4/4 levels left

rFire   . . .        a - +0 flail
rCold   . . .        (no shield)
rNeg    + . .        b - +0 leather armour
rPois   ∞            f - +0 helmet
rElec   +            k - scarf {+Inv}
rCorr   .            p - +0 pair of gloves
SInv    .            (no boots)
Will    .....        (no amulet)
Stlth   +            (no ring)
HPRegen 0.25/turn    (no ring)
MPRegen 0.09/turn

%: no passive effects
@: no status effects
A: sickness immunity, AC +4, negative energy resistance 1, electricity
resistance, torment resistance 1, petrification resistance
a: Evoke Invisibility


You were on level 3 of the Dungeon.
You visited 1 branch of the dungeon, and saw 3 of its levels.

You collected 99 gold pieces.

Inventory:

Hand Weapons
 a - a +0 flail (weapon)
Missiles
 d - 3 throwing nets (quivered)
 e - a javelin
 l - 44 stones
 o - 2 boomerangs of dispersal
Armour
 b - a +0 leather armour (worn)
 c - a +0 helmet
 f - a +0 helmet (worn)
 g - a +0 plate armour
 k - a scarf of invisibility (worn)
 p - a +0 pair of gloves (worn)
Scrolls
 h - a scroll of teleportation {unknown}
 i - 3 scrolls of identify {unknown}
 n - a scroll of poison {unknown}
Potions
 m - a potion of curing {unknown}


   Skills:
 + Level 3.2 Fighting
 + Level 5.1 Maces & Flails
 - Level 1.7 Throwing
 - Level 2.4 Dodging


You had 4 spell levels left.
You didn't know any spells.
Your spell library contained the following spells:

 Spells                   Type           Power      Damage    Failure   Level
 Magic Dart               Conj           0%         1d3       45%         1
 Call Imp                 Summ           0%         N/A       61%         2
 Ensorcelled Hibernation  Hex/Ice        0%         N/A       61%         2
 Mephitic Cloud           Conj/Pois/Air  0%         N/A       83%         3
 Spider Form              Tmut/Pois      0%         N/A       83%         3
 Anguish                  Hex/Necr       0%         N/A       99%         4


Dungeon Overview and Level Annotations

Branches:
Dungeon (3/15)

Altars:

Shops:
D:2 =

Annotations:
D:3 Ijyb


Innate Abilities, Weirdness & Mutations

You are immune to sickness and miasma.
Your stone body is resilient. (AC +4)
You are immune to poison.
You resist negative energy. (rN+)
You are resistant to electric shocks. (rElec)
You are resistant to unholy torment.
You are immune to petrification.


Message History

Things that are here:
a +2 dagger of protection; a goblin corpse
Things that are here:
a +2 dagger of protection; a +0 sling; a goblin corpse
Things that are here:
a +0 mace; a +0 animal skin; a +0 helmet
Things that are here:
a +0 mace; a +0 animal skin; a +0 helmet
f - a +0 helmet You start removing your armour.
You continue taking off your +0 helmet. x4
You finish taking off your +0 helmet.
You start putting on your armour.
You continue putting on your +0 helmet. x5
You finish putting on your +0 helmet.
Things that are here:
a +2 dagger of protection; a +0 sling; a goblin corpse
l - 44 stones (gained 2)
Things that are here:
a +0 dagger; a kobold corpse Ijyb the Twisted Goblin comes into view.
She is wielding a +0 club and carrying a wand of light (7).
Ijyb shouts!
Ijyb screams, "Die!"
Ijyb zaps a wand.
The bolt of light hits you!!
Ouch! That really hurt!
There is an open door here.
You hit Ijyb.
Ijyb is moderately wounded.
Ijyb hits you with a +0 club.
You barely miss Ijyb.
Ijyb is moderately wounded.
Ijyb hits you but does no damage. x2
A ball python comes into view.
You barely miss Ijyb.
Ijyb is moderately wounded.
The ball python hisses angrily.
Ijyb closely misses you.
You hit Ijyb.
Ijyb is heavily wounded.
Ijyb zaps a wand.
The bolt of light hits you!!
Ouch! That really hurt!
You die...

.###..)....##### .
#............ ... .
###..######## ..# .
##..# ...# . ###...#####
....# ###...#...<.####
##....# '..>........'...
.......
########)...#####......#
#.).).))........@g...S.#
#.#####)....#####...####
#. #))...# ...# #.
#.###.# ...# #. #.# #.#
#### #. #.# #.# .. #.#
#.# .. ..# #.# ### #.#


You could see Ijyb and a ball python.

Vanquished Creatures
  An orc priest (D:3)
  Robin (D:3)
  2 adders
  A dart slug (D:1)
  4 orcs (D:3)
  2 endoplasms (D:2)
  2 giant cockroaches
  12 goblins
  3 hobgoblins
  6 jackals
  8 kobolds
  2 ball pythons
  3 bats
  3 frilled lizards
  2 rats
52 creatures vanquished.

Notes
Turn   | Place    | Note
-------+----------+-------------------------------------------
     0 | D:1      | hito the Gargoyle Gladiator began the quest for the Orb.
     0 | D:1      | Reached XP level 1. HP: 12/12 MP: 1/1
   164 | D:1      | Reached XP level 2. HP: 11/18 MP: 2/2
   744 | D:1      | Found a faded altar of an unknown god.
   982 | D:2      | Reached XP level 3. HP: 22/22 MP: 3/3
  1022 | D:2      | Found Vaahyos's Jewellery Shop.
  1062 | D:2      | Reached skill level 4 in Maces & Flails
  1729 | D:3      | Reached XP level 4. HP: 23/28 MP: 4/4
  1800 | D:3      | Noticed Robin
  1818 | D:3      | Killed Robin
  1819 | D:3      | Reached skill level 5 in Maces & Flails
  1819 | D:3      | Reached XP level 5. HP: 8/32 MP: 5/5
  1948 | D:3      | Noticed Ijyb
  1954 | D:3      | Killed from afar by Ijyb

Illustrated notes

Levels and vault maps discovered:
D:1:      ncdulo_watergridlock, layout_loops_ring,
          shapermc_ecumenical_altar_hornbeckon
D:2:      layout_loops_cross, serial_shops, nicolae_shop_crystal,
          supply_closet_lemuel
D:3:      layout_basic, serial_shops, nicolae_book_shop_shelving,
          wander_ebering_terrifying_dragon_lair, uniq_robin, uniq_ijyb

Skill      XL: |  1  2  3  4 |
---------------+-------------+-----
Maces & Flails | 4 5 |  5.1
Fighting       | 3 |  3.2
Throwing       | |  1.7
Dodging        | |  2.4

Action                     |  1- 3 |  4- 6 || total
---------------------------+-------+-------++-------
  Melee: Flail             |    94 |    55 ||   149
    Use: Potion            |       |     2 ||     2
 Armour: Leather armour    |    45 |    41 ||    86
  Dodge: Dodged            |    77 |    40 ||   117
